 Dungeon Crawl Stone Soup version 0.26-a0-451-gacbe401039 (webtiles) character file.

Game seed: 18122972709725304012

1654 KristoblXynda the Ruffian (level 8, 0/67 HPs)
             Began as a Troll Hedge Wizard on July 28, 2020.
             Was an Initiate of Ashenzari.
             Slain by Menkaure (20 damage)
             ... on level 7 of the Dungeon.
             The game lasted 00:09:44 (5562 turns).

KristoblXynda the Ruffian (Troll Hedge Wizard)      Turns: 5562, Time: 00:09:44

Health: 0/67       AC:  7    Str: 19    XL:     8   Next: 68%
Magic:  10/10      EV: 12    Int: 12    God:    Ashenzari [......]
Gold:   470        SH:  0    Dex:  9    Spells: 7/11 levels left

rFire    . . .     SeeInvis .     - Unarmed
rCold    . . .     Faith    .   (no shield)
rNeg     . . .     Spirit   .   b - +0 robe
rPois    .         Reflect  .   c - +1 hat
rElec    .         Harm     .   (no cloak)
rCorr    .                      (gloves unavailable)
MR       .....                  (boots unavailable)
Stlth    +.........             p - amulet of regeneration (curse)
HPRegen  1.01/turn              (no ring)
MPRegen  0.12/turn              (no ring)

@: no status effects
A: large, unfitting armour, claws 3, regeneration 1, shaggy fur 1, tough skin 3
a: Curse Item, Renounce Religion


You were on level 7 of the Dungeon.
You worshipped Ashenzari.
Ashenzari was noncommittal.
You visited 2 branches of the dungeon, and saw 8 of its levels.
You also visited: Sewer.

You collected 470 gold pieces.

Inventory:

Hand Weapons
 o - a +0 morningstar
Armour
 b - a +0 robe (worn)
 c - a +1 hat (worn)
Jewellery
 p - a cursed amulet of regeneration (around neck)
Wands
 r - a wand of clouds (2)
Scrolls
 f - 4 scrolls of remove curse
 j - 4 scrolls of teleportation
 l - 2 scrolls of amnesia
 s - a scroll of immolation
Potions
 a - 2 potions of heal wounds
 d - 2 potions of flight
 e - 3 potions of curing
 g - 3 potions of stabbing
 h - a potion of might
 i - a potion of ambrosia
 k - 2 potions of haste
 m - a potion of magic
 n - a potion of lignification
 q - a potion of invisibility {unknown}


   Skills:
 + Level 5.4 Dodging
 - Level 1.0 Stealth
 + Level 6.2 Unarmed Combat
 - Level 2.0 Spellcasting
 + Level 4.8 Conjurations
   Level 0.6 Summonings
   Level 0.6 Translocations


You had 7 spell levels left.
You knew the following spells:

 Your Spells              Type           Power        Failure   Level
a - Magic Dart            Conj           ##..         3%          1
b - Mephitic Cloud        Conj/Pois/Air  #.......     38%         3

Your spell library contained the following spells:

 Spells                   Type           Power        Failure   Level
 Apportation              Tloc           #.....       22%         1
 Summon Small Mammal      Summ           #...         22%         1
 Animate Skeleton         Necr           #.....       26%         1
 Corona                   Hex            #......      26%         1
 Conjure Flame            Conj/Fire      #.......     30%         3
 Blink                    Tloc           N/A          32%         2
 Call Imp                 Summ           #.......     32%         2
 Slow                     Hex            #.......     38%         2
 Call Canine Familiar     Summ           #.......     54%         3
 Summon Guardian Golem    Hex/Summ       #.......     58%         3
 Summon Ice Beast         Ice/Summ       #.......     94%         4
 Summon Lightning Spire   Summ/Air       #.......     94%         4


Dungeon Overview and Level Annotations

Branches:
Dungeon (7/15)             Temple (1/1) D:6           Sewer (visited)

Altars:
Ashenzari
Cheibriados
Dithmenos
Elyvilon
Fedhas
Hepliaklqana
Makhleb
Nemelex Xobeh
Okawaru
Qazlal
Ru
Sif Muna
Trog
Wu Jian
Yredelemnul
Zin
The Shining One

Annotations:
D:7 Menkaure


Innate Abilities, Weirdness & Mutations

You are too large for most types of armour.
You have claws for hands.
Your natural rate of healing is unusually fast.
You are covered in fur. (AC +1)
You have extremely tough skin. (AC +3)


Message History

The leopard gecko is moderately wounded.
The leopard gecko closely misses you.
You claw the leopard gecko!
You kill the leopard gecko!
You see here a leopard gecko corpse.
Menkaure is nearby!
You barely miss Menkaure. Menkaure casts a spell at you.
Pain shoots through your body!
You barely miss Menkaure. Menkaure closely misses you.
You scratch Menkaure.
Menkaure is lightly damaged.
Menkaure calls on the powers of darkness!
Your body is wracked with pain!
* * * LOW HITPOINT WARNING * * *
You barely miss Menkaure.
Menkaure is lightly damaged.
Menkaure shrieks, "Why can't you leave me to my rest?"
Menkaure hits you!!
You die...

#.# #.# #.# #.#
#. #.# # #.# #.#
#.#. #.#.#
#..##.#####....#
#.........#####
#..#.####....<#
#..#.##########
#.....@.......#
#.#..M#######+#
# #...#......
#..........
#..........
#....###...
##>..+ .. #...#
#...M


You could see Menkaure (fast).

Vanquished Creatures
  A sky beast (D:6)
  2 ogres
  2 centaurs
  Blork the orc (D:5)
  A big kobold (Sewer)
  5 bullfrogs (D:6)
  A scorpion (D:4)
  3 wights (D:6)
  A howler monkey (D:5)
  A bullfrog zombie (D:6)
  A centaur skeleton (D:6)
  2 iguanas
  An orc wizard (D:6)
  5 worker ants
  A killer bee zombie (D:6)
  Robin (D:3)
  A worker ant zombie (D:5)
  7 adders
  3 river rats (Sewer)
  A white imp (D:5)
  An ufetubus (D:6)
  2 adder skeletons
  10 worms
  A dart slug (D:1)
  3 leopard geckos
  16 orcs
  12 giant cockroaches
  13 goblins
  15 hobgoblins
  6 jackals
  7 quokkas
  5 ball pythons
  9 bats
  7 frilled lizards
  A jackal skeleton (D:4)
  10 kobolds
  12 rats
171 creatures vanquished.

Vanquished Creatures (others)
  An orc (D:6)
1 creature vanquished.

Grand Total: 172 creatures vanquished

Notes
Turn   | Place    | Note
-------+----------+-------------------------------------------
     0 | D:1      | KristoblXynda the Troll Hedge Wizard began the quest for
                  | the Orb.
     0 | D:1      | Reached XP level 1. HP: 16/16 MP: 2/2
    67 | D:1      | Reached skill level 1 in Conjurations
   105 | D:1      | Reached XP level 2. HP: 24/24 MP: 4/4
   124 | D:1      | Reached skill level 1 in Unarmed Combat
   443 | D:1      | Reached XP level 3. HP: 31/31 MP: 5/5
   877 | D:2      | Found a faded altar of an unknown god.
  1226 | D:2      | Reached XP level 4. HP: 39/39 MP: 6/6
  1234 | D:2      | Reached skill level 2 in Unarmed Combat
  1400 | D:2      | Learned a level 3 spell: Mephitic Cloud
  1975 | D:3      | Reached XP level 5. HP: 24/45 MP: 7/7
  2230 | D:3      | Noticed Robin
  2278 | D:3      | Killed Robin
  2757 | D:4      | Found a glowing drain.
  2781 | Sewer    | Entered a sewer
  2800 | Sewer    | Reached skill level 3 in Unarmed Combat
  3033 | Sewer    | Reached XP level 6. HP: 46/53 MP: 8/8
  3049 | Sewer    | Found a white marble altar of Elyvilon.
  3451 | D:4      | Reached skill level 4 in Unarmed Combat
  3458 | D:4      | Found a basalt altar of Yredelemnul.
  3555 | D:4      | Found a basalt altar of Yredelemnul.
  3739 | D:5      | Entered Level 5 of the Dungeon
  3739 | D:5      | Noticed Blork the orc
  3754 | D:5      | Killed Blork the orc
  3754 | D:5      | Reached XP level 7. HP: 44/59 MP: 9/9
  4005 | D:5      | Found an iron altar of Okawaru.
  4356 | D:5      | Found a shadowy altar of Dithmenos.
  4686 | D:6      | Reached skill level 5 in Unarmed Combat
  4721 | D:6      | Found a staircase to the Ecumenical Temple.
  4729 | D:6      | Reached XP level 8. HP: 58/67 MP: 10/10
  4739 | Temple   | Entered the Ecumenical Temple
  4786 | Temple   | Became a worshipper of Ashenzari the Shackled
  5014 | D:6      | Reached skill level 5 in Dodging
  5028 | D:6      | Found a snail-covered altar of Cheibriados.
  5200 | D:6      | Reached skill level 6 in Unarmed Combat
  5547 | D:7      | Noticed Menkaure
  5562 | D:7      | Slain by Menkaure

Illustrated notes

Levels and vault maps discovered:
D:1:      dpeg_arrival_short_road, layout_basic
D:2:      layout_basic, chequers_ecumenical_altar_simple, minmay_between
D:3:      layout_basic, serial_bayou_crossing, uniq_robin
D:4:      layout_rooms, lemuel_round_altar, portal_sewer_entry_b,
          small_statue_alley_b, yredelemnul_altar_generic
D:5:      minmay_general_purpose_star, layout_gridville, marbit_many_paths,
          kennysheep_mini, uniq_blork_the_orc
D:6:      layout_basic, cheibrodos_worm_habitat,
          minmay_temple_entry_antechambers, grunt_ministairs_4,
          minmay_crossroads
D:7:      layout_basic, lemuel_coloured_pillars_altar, kennysheep_mini_moat,
          basic_altar, uniq_crazy_yiuf_cottage, uniq_joseph, uniq_menkaure
Temple:   nicolae_temple_god_jail

Skill      XL: |  1  2  3  4  5  6  7  8 |
---------------+-------------------------+-----
Conjurations   | 1 2 3 4 |  4.8
Unarmed Combat | 1 2 3 4 5 6 |  6.2
Dodging        | 2 3 4 5 |  5.4
Stealth        | |  1.0
Spellcasting   | |  2.0
Summonings     | |  0.6
Translocations | |  0.6

Action                   |  1- 3 |  4- 6 |  7- 9 || total
-------------------------+-------+-------+-------++-------
Melee: Unarmed           |   162 |   273 |   190 ||   625
       Punch             |       |     2 |     4 ||     6
Invok: Curse Item        |       |       |     1 ||     1
Evoke: Wand              |       |       |     1 ||     1
  Use: Scroll            |       |    14 |     3 ||    17
 Stab: Distracted        |       |     1 |       ||     1
       Sleeping          |       |       |     2 ||     2
Armor: Robe              |    81 |   102 |    55 ||   238
Dodge: Dodged            |   112 |   145 |    70 ||   327

Table legend: (Time is in decaauts)
 A = Elapsed time spent in this place.
 B = Non-inter-level travel time spent in this place.
 C = Inter-level travel time spent in this place.
 D = Time resting spent in this place.
 E = Time spent auto-exploring this place.
 F = Levels seen in this place.
 G = Mean time per level.
                   A        B        C        D        E       F      G
               +--------+--------+--------+--------+--------+-----+--------+
         Total |   5569 |   5391 |    178 |    729 |   3065 |   9 |  618.8 |
       Dungeon |   5174 |   5013 |    161 |    576 |   2965 |   7 |  739.1 |
        Temple |     66 |     49 |     17 |      0 |      0 |   1 |   66.0 |
         Sewer |    329 |    329 |      0 |    153 |     99 |   1 |  329.0 |
               +--------+--------+--------+--------+--------+-----+--------+

Top non-repeatable levels by time:
     D:3: 1043 daAuts
     D:5: 909 daAuts
     D:1: 856 daAuts
     D:2: 831 daAuts
     D:6: 807 daAuts
     D:4: 695 daAuts
   Sewer: 329 daAuts
  Temple: 66 daAuts
     D:7: 30 daAuts
